 Dungeon Crawl Stone Soup version 0.29.1-2-gbd0b4ee654 (webtiles) character file.

Game seed: 4595885758919323203

4249 GorkyZ the Trooper (level 10, -10/61 HPs)
             Began as a Gargoyle Gladiator on Nov 30, 2022.
             Was an Initiate of Gozag.
             Mangled by a cyclops (13 damage)
             ... on level 9 of the Dungeon.
             The game lasted 00:29:12 (10229 turns).

GorkyZ the Trooper (Gargoyle Gladiator)            Turns: 10229, Time: 00:29:12

Health: -10/61     AC: 21    Str: 21    XL:     10   Next: 31%
Magic:  0/10       EV: 15    Int: 10    God:    Gozag
Gold:   74         SH:  5    Dex: 11    Spells: 9/9 levels left

rFire   . . .      SeeInvis .   a - +3 war axe (chaos)
rCold   + . .      Faith    .   i - +0 buckler
rNeg    + . .      Spirit   +   s - +0 scale mail
rPois   ∞          Reflect  .   c - +0 helmet
rElec   +          Harm     .   J - +0 cloak
rCorr   .          Rampage  .   B - +2 pair of gloves
Will    .....                   y - +0 pair of boots
Stlth   ..........              D - amulet of guardian spirit
HPRegen 0.20/turn               H - +4 ring of evasion
MPRegen 0.12/turn               (no ring)

@: no status effects
A: sickness immunity, AC +7, negative energy resistance 1, electricity
resistance, torment resistance 1, petrification resistance, cold resistance 1
a: Renounce Religion, Potion Petition, Call Merchant, Bribe Branch


You were on level 9 of the Dungeon.
You worshipped Gozag.
Gozag was noncommittal.
You visited 2 branches of the dungeon, and saw 10 of its levels.

You collected 951 gold pieces.
You spent 750 gold pieces at shops.
You paid 127 gold pieces to Gozag.

Inventory:

Hand Weapons
 a - a +3 war axe of chaos (weapon)
 m - a +0 whip of venom
 t - the +6 trident of the Moon {vorpal, rC+ Int+4}
   (You bought it in a shop on level 4 of the Dungeon)

   It inflicts extra damage upon your enemies.
   Int:       It affects your intelligence (+4).
   rC:        It protects you from cold.
Missiles
 d - 2 throwing nets
 e - 3 javelins
 n - 32 poisoned darts
 x - 13 boomerangs (quivered)
 F - a curare-tipped dart
Armour
 b - a +0 leather armour
 c - a +0 helmet (worn)
 i - a +0 buckler (worn)
 o - a +0 plate armour
 s - a +0 scale mail (worn)
 y - a +0 pair of boots (worn)
 B - a +2 pair of gloves (worn)
 J - a +0 cloak (worn)
Jewellery
 h - an amulet of magic regeneration
 A - a ring of magical power
 D - an amulet of guardian spirit (around neck)
 H - a +4 ring of evasion (left hand)
Wands
 v - a wand of roots (20)
 E - a wand of mindburst (16)
 M - a wand of polymorph (8)
 N - a wand of quicksilver (5)
 P - a wand of digging (5)
Scrolls
 f - 3 scrolls of fear
 k - 3 scrolls of identify
 p - a scroll of amnesia
 u - 5 scrolls of blinking
 w - 6 scrolls of teleportation
 O - a scroll of enchant weapon
Potions
 g - 2 potions of brilliance
 j - a potion of flight
 l - 5 potions of degeneration
 q - a potion of resistance
 r - a potion of berserk rage
 z - a potion of might
 C - a potion of mutation
 G - 8 potions of attraction
 K - a potion of magic
 L - a potion of cancellation


   Skills:
 + Level 6.3 Fighting
 + Level 5.8 Axes
 + Level 5.2 Throwing
 + Level 6.0 Armour
 + Level 5.2 Dodging
 + Level 5.9 Shields
 + Level 4.9 Evocations


You had 9 spell levels left.
You didn't know any spells.
Your spell library contained the following spells:

 Spells                   Type           Power      Damage    Failure   Level
 Necrotise                Necr           0%         1d4       77%         1
 Sandblast                Erth           0%         2d4       77%         1
 Sting                    Tmut/Pois      0%         1d3       77%         1
 Summon Small Mammal      Summ           0%         N/A       77%         1
 Passwall                 Tmut/Erth      0%         N/A       88%         2
 Poisonous Vapours        Pois/Air       0%         N/A       88%         2
 Static Discharge         Conj/Air       0%         3-3/arc   88%         2
 Call Canine Familiar     Summ           0%         N/A       98%         3
 Stone Arrow              Conj/Erth      0%         3d7       98%         3
 Summon Guardian Golem    Hex/Summ       0%         N/A       98%         3
 Vampiric Draining        Necr           0%         2d6       98%         3
 Olgreb's Toxic Radiance  Pois           0%         N/A       100%        4
 Agony                    Necr           0%         N/A       100%        5
 Lightning Bolt           Conj/Air       0%         1d11      100%        5
 Maxwell's Capacitive Co  Air            0%         ∞         100%        8


Dungeon Overview and Level Annotations

Branches:
Dungeon (9/15)             Temple (1/1) D:4
   Lair: D:8-11         Orc: D:9-12

Altars:
Ashenzari
Cheibriados
Dithmenos
Elyvilon
Fedhas
Gozag
Hepliaklqana
Makhleb
Nemelex Xobeh
Okawaru
Qazlal
Ru
Trog
Wu Jian
Yredelemnul
Zin
The Shining One

Shops:
D:4 *   D:6 !   D:8 *


Innate Abilities, Weirdness & Mutations

You are immune to sickness and miasma.
Your stone body is resilient. (AC +7)
You are immune to poison.
You resist negative energy. (rN+)
You are resistant to electric shocks. (rElec)
You are resistant to unholy torment.
You are immune to petrification.
Your flesh is cold resistant. (rC+)


Message History

You are confused.
You feel invigorated. The cyclops misses you.
You bump into the rock wall.
The cyclops hits you but does no damage.
You bump into the rock wall.
The cyclops throws a large rock.
The large rock barely misses you.
You see here 11 gold pieces.
You bump into the rock wall.
You bump into the rock wall.
You barely miss the cyclops. The cyclops misses you.
You bump into the rock wall.
You feel less invigorated.
You feel less confused. The cyclops hits you!
You slash the cyclops!
The cyclops seems to grow stronger.
The cyclops is lightly wounded.
The cyclops hits you!
You hit the cyclops.
The cyclops is poisoned.
The cyclops is moderately wounded.
You block the cyclops's attack.
You slash the cyclops!
The cyclops is heavily wounded.
The cyclops misses you.
You hit the cyclops.
The cyclops appears confused.
The cyclops is heavily wounded.
The cyclops cries.
The cyclops hits itself!
You hit the cyclops but do no damage.
The cyclops is almost dead.
You hit the cyclops.
The cyclops is almost dead.
The cyclops hits you!!
* * * LOW HITPOINT WARNING * * *
Things that are here:
6 gold pieces; a potion of magic You strike the helpless cyclops from behind!
You hit the cyclops.
The cyclops is almost dead.
The cyclops seems less confused.
The cyclops hits you!
You die...
Your body crumbles into a pile of gold.

#.......#
####.####
#.# #.#
#.# #.#
#$# #.# $
#@#
.......C#
........#
#..#.##.#
##... ...


''. #.. ##. #.. .. .... You could see a cyclops (strong, poisoned).

Vanquished Creatures
  A harpy (D:8)
  A troll (D:9)
  3 yaks (D:8)
  A vampire (D:9)
  A steam dragon (D:7)
  An acid dragon (D:8)
  3 water moccasins
  2 orc warriors
  2 sky beasts (D:6)
  2 black bears
  An ogre (D:5)
  2 centaurs (D:7)
  3 bullfrogs
  2 kobold brigands
  4 scorpions
  2 necrophages
  5 howler monkeys
  4 jellies
  4 orc priests
  2 gnoll boudas
  5 iguanas
  4 orc wizards
  10 adders
  9 gnolls
  2 shadow imps
  A white imp (D:7)
  An ufetubus (D:5)
  A worm (D:2)
  3 dart slugs
  17 orcs
  An endoplasm (D:4)
  2 giant cockroaches
  9 goblins
  7 hobgoblins
  2 jackals (D:4)
  20 kobolds
  2 quokkas
  3 ball pythons
  4 bats
  4 frilled lizards
  7 rats
160 creatures vanquished.

Vanquished Creatures (others)
  A gnoll (D:7)
  5 kobolds (D:7)
6 creatures vanquished.

Grand Total: 166 creatures vanquished

Notes
Turn   | Place    | Note
-------+----------+-------------------------------------------
     0 | D:1      | GorkyZ the Gargoyle Gladiator began the quest for the Orb.
     0 | D:1      | Reached XP level 1. HP: 12/12 MP: 1/1
   284 | D:1      | Reached XP level 2. HP: 18/18 MP: 2/2
   913 | D:2      | Reached XP level 3. HP: 17/22 MP: 3/3
   972 | D:2      | Found a faded altar of an unknown god.
  1538 | D:2      | Reached skill level 1 in Armour
  1538 | D:2      | Reached skill level 1 in Shields
  1866 | D:3      | Reached XP level 4. HP: 21/27 MP: 4/4
  1944 | D:3      | Reached skill level 1 in Evocations
  1960 | D:3      | Reached XP level 5. HP: 22/32 MP: 5/5
  3045 | D:3      | Reached XP level 6. HP: 20/37 MP: 6/6
  3547 | D:4      | Found Waqorgh's Assorted Antiques.
  3592 | D:4      | Found a staircase to the Ecumenical Temple.
  3601 | Temple   | Entered the Ecumenical Temple
  4278 | D:4      | Found a white marble altar of Elyvilon.
  4771 | D:5      | Entered Level 5 of the Dungeon
  5025 | D:5      | Noticed an orc warrior
  5204 | D:5      | Killed an orc warrior
  5205 | D:5      | Reached XP level 7. HP: 13/42 MP: 7/7
  5656 | D:5      | Found a sacrificial altar of Ru.
  5707 | D:5      | Found a bloodstained altar of Trog.
  6017 | D:6      | Reached XP level 8. HP: 40/48 MP: 8/8
  6991 | D:6      | Found an opulent altar of Gozag.
  6999 | D:6      | Became a worshipper of Gozag Ym Sagoz the Greedy
  7131 | D:6      | Reached XP level 9. HP: 53/53 MP: 9/9
  7293 | D:6      | Found Unteptig's Distillery.
  7299 | D:6      | Reached skill level 5 in Fighting
  7700 | D:7      | Found a burning altar of Makhleb.
  7913 | D:7      | Reached skill level 5 in Axes
  7933 | D:7      | Reached skill level 5 in Armour
  8081 | D:7      | Reached skill level 5 in Shields
  8934 | D:4      | Bought a dazzling trident for 229 gold pieces
  8934 | D:4      | Identified the +6 trident of the Moon {vorpal, rC+ Int+4}
                  | (You bought it in a shop on level 4 of the Dungeon)
  8934 | D:4      | Bought a murky white potion for 24 gold pieces
  8934 | D:4      | Bought a scroll of identify for 54 gold pieces
  8934 | D:4      | Bought a puce potion for 24 gold pieces
  9249 | D:6      | Bought a potion of mutation for 104 gold pieces
  9249 | D:6      | Gained mutation: Your flesh is cold resistant. (rC+)
                  | [potion of mutation]
  9249 | D:6      | Gained mutation: You expend magic power (3 MP) to
                  | strengthen your wands. [potion of mutation]
  9249 | D:6      | Lost mutation: You expend magic power (3 MP) to strengthen
                  | your wands. [potion of mutation]
  9582 | D:8      | Noticed a harpy
  9582 | D:8      | a yak changed into a harpy
  9585 | D:8      | Killed a harpy
  9586 | D:8      | Reached skill level 5 in Throwing
  9586 | D:8      | Reached skill level 5 in Dodging
  9586 | D:8      | Reached XP level 10. HP: 52/60 MP: 6/10
  9818 | D:8      | Found Waux's Gadget Gallery.
  9831 | D:8      | Bought a wand of digging (5) for 315 gold pieces
 10203 | D:9      | Noticed a cyclops
 10228 | D:9      | HP: 3/61 [cyclops (28)]
 10229 | D:9      | Mangled by a cyclops

Illustrated notes

Levels and vault maps discovered:
D:1:      lemuel_arrival_room, layout_loops_ring
D:2:      layout_basic, hellmonk_ecumenical_altar_blasted,
          kennysheep_generic_room_16
D:3:      layout_basic
D:4:      kennysheep_the_goblin_king, layout_basic,
          lemuel_coloured_pillars_altar, minmay_temple_entry_tees, serial_shops,
          shop
D:5:      layout_basic, mainiacjoe_overflow_cross_hatched, lemuel_crystal_altar,
          serial_curves, eino_curves_02, eino_curves_02
D:6:      layout_loops_cross, nicolae_gozag_cash_rules_everything_around_me,
          serial_shops, nicolae_lakefront_shop
D:7:      layout_layer_cave, kennysheep_mini_moat, grunt_decor_junction,
          eino_tiny_chamber
D:8:      layout_loops_cross, nicolae_shop_gadgets
D:9:      layout_loops_cross, due_lair_maze_entry_diamond, special_room
          [special_room_orc], grunt_decor_arrowhead,
          ebering_dispersal_statue_hall, minmay_circle_x
Temple:   minmay_temple_forest_path

Skill      XL: |  1  2  3  4  5  6  7  8  9 10 |
---------------+-------------------------------+-----
Throwing       | 2 3 4 5 |  5.2
Axes           | 3 4 5 |  5.8
Armour         | 1 2 3 4 5 6 |  6.0
Shields        | 1 2 3 4 5 |  5.9
Evocations     | 1 2 3 4 |  4.9
Fighting       | 3 4 6 |  6.3
Dodging        | 3 4 5 |  5.2

Action                   |  1- 3 |  4- 6 |  7- 9 | 10-12 || total
-------------------------+-------+-------+-------+-------++-------
Melee: War axe           |    98 |   152 |   223 |    51 ||   524
       Punch             |     1 |       |       |       ||     1
Throw: Dart              |       |       |     3 |       ||     3
       Boomerang         |       |       |     2 |       ||     2
       Throwing net      |       |       |     1 |       ||     1
  Use: Scroll            |    11 |     7 |     9 |       ||    27
       Potion            |       |     3 |     3 |     1 ||     7
 Stab: Confused          |       |       |     3 |     1 ||     4
Armor: Leather armour    |    37 |       |       |       ||    37
       Scale mail        |    13 |    72 |   148 |    40 ||   273
Dodge: Dodged            |    53 |    97 |   114 |    46 ||   310
Block: Buckler           |    12 |    26 |    62 |    12 ||   112
